 Dungeon Crawl Stone Soup version 0.27-a0-1242-ge70438ac7b (webtiles) character file.

Game seed: 14922399603471691839

44 EnegeticOcto the Sneak (level 3, 0/33 HPs)
             Began as a Deep Dwarf Delver on June 9, 2021.
             Slain by an orc wizard
             ... wielding a +0 dagger
              (2 damage)
             ... on level 6 of the Dungeon.
             The game lasted 00:01:03 (122 turns).

EnegeticOcto the Sneak (Deep Dwarf Delver)           Turns: 122, Time: 00:01:03

Health: 0/33       AC:  3    Str: 16    XL:     3   Next: 41%
Magic:  3/3        EV: 12    Int: 10    God:
Gold:   9          SH:  0    Dex: 14    Spells: 2/2 levels left

rFire    . . .     SeeInvis .   a - +0 hand axe
rCold    . . .     Faith    .   (no shield)
rNeg     . . .     Spirit   .   b - +0 leather armour
rPois    .         Reflect  .   (no helmet)
rElec    .         Harm     .   (no cloak)
rCorr    .         Rampage  .   (no gloves)
Will     .....                  (no boots)
Stlth    +.........             (no amulet)
HPRegen  0.00/turn              (no ring)
MPRegen  0.08/turn              (no ring)

@: confused
A: damage resistance, heal wounds, sense surroundings 1, no regeneration
a: Heal Wounds


You were on level 6 of the Dungeon.
You visited 1 branch of the dungeon, and saw 2 of its levels.

You collected 9 gold pieces.

Inventory:

Hand Weapons
 a - a +0 hand axe (weapon)
Armour
 b - a +0 leather armour (worn)
Jewellery
 h - a ring of protection from fire
   (You found it on level 5 of the Dungeon)
Wands
 g - a wand of digging (3) {@v3}
Scrolls
 c - a scroll of fog {!r}
 d - a scroll of magic mapping {@r5 !r}
 e - a scroll of fear {!r}
Potions
 f - a potion of haste {@q4 !q}


   Skills:
 - Level 2.6 Fighting
 + Level 4.3 Axes
 - Level 2.1 Dodging
 - Level 6.0 Stealth


You had 2 spell levels left.
You didn't know any spells.
Your spell library was empty.

Dungeon Overview and Level Annotations

Branches:
Dungeon (6/15)             Temple (0/1) D:6

Altars:


Innate Abilities, Weirdness & Mutations

You are resistant to damage.
You can heal yourself by infusing magical energy.
You passively map a small area around you.
You do not regenerate.


Message History

You hit the gnoll.
The gnoll is almost dead.
You miss something. You hit the gnoll. The gnoll hits you with a +0 whip.
You hear some strange, mumbled words.
You are confused.
The gnoll barely misses you.
You hit the gnoll.
The gnoll is heavily wounded.
You hit the gnoll.
You kill the gnoll!
You hit something. Something hits you. The gnoll hits you with a +0 whip.
Your Axes skill increases to level 4!
You have reached level 3!
Your experience leads to an increase in your attributes!
Increase (s)trength, (i)ntelligence, or (d)exterity?
You feel stronger.
You hit the gnoll but do no damage.
The gnoll is heavily wounded.
You completely miss something. The gnoll barely misses you.
You miss the orc. You hit something but do no damage.
You closely miss the gnoll. Something hits you.
The orc hits you with a +0 flail. The gnoll hits you but does no damage.
You bump into the rock wall.
Something hits you but does no damage. The orc barely misses you.
The gnoll misses you.
You're too confused to move!
Something hits you. The orc hits you with a +0 flail.
The gnoll hits you with a +0 whip!
* * * LOW HITPOINT WARNING * * *
You bump into the rock wall.
The orc misses you. Something hits you.
* * * LOW HITPOINT WARNING * * *
The gnoll closely misses you.
An orc comes into view. It is wielding a +0 short sword.
You feel less confused.
The orc shouts!
Something hits you but does no damage.
An orc wizard comes into view. It is wielding a +0 dagger.
You fail to use your ability.
An orc wizard appears from thin air!
Reactivating autopickup.
The orc wizard hits you with a +0 dagger.
* * * LOW HITPOINT WARNING * * *
The orc closely misses you.
The orc wizard mumbles some strange words.
The orc wizard flickers and vanishes!
Deactivating autopickup; reactivate with Ctrl-A.
You feel much better. The orc wizard casts a spell at you.
You resist with some effort.
You feel much better.
The orc wizard gestures at you while chanting.
You are confused.
The orc hits you with a +0 flail! Something hits you.
The gnoll hits you with a +0 whip.
You slash the gnoll!
You kill the gnoll!
You miss the orc wizard. You barely miss the orc. You closely miss something.
The orc barely misses you.
The orc wizard gestures at you while chanting.
The puff of flame misses you.
You hear some strange, mumbled words.
A puff of flame appears from out of thin air!
The puff of flame misses you.
The puff of flame hits the orc.
You bump into the rock wall.
The orc hits you with a +0 flail! The orc wizard casts a spell at you.
The magic dart hits you but does no damage.
The orc hits you with a +0 short sword. Something hits you. Something hits you.
The orc misses you.
You miss the orc wizard.
The orc wizard is heavily wounded.
You closely miss the orc. x2; The orc barely misses you.
The orc hits you with a +0 flail.
You hit the orc wizard.
The orc wizard is almost dead.
You hit the orc.
You kill the orc!
You hit the orc.
You feel less confused. The orc wizard casts a spell at you.
You are confused.
The orc hits you with a +0 flail.
You bump into the rock wall.
The orc wizard hits you with a +0 dagger.
Something hits you. The orc hits you with a +0 flail!
* * * LOW HITPOINT WARNING * * *
You miss the orc wizard.
The orc wizard is almost dead.
You miss something. You hit the orc but do no damage.
The orc wizard hits you but does no damage.
Something hits you. The orc barely misses you.
The orc wizard casts a spell.
The orc wizard flickers and vanishes!
You closely miss something. You miss something. You hit the orc.
Something hits you.
* * * LOW HITPOINT WARNING * * *
The orc closely misses you.
You hear some strange, mumbled words.
You are more confused.
You miss something. You barely miss something. You barely miss the orc.
Something barely misses you. The orc closely misses you. Something hits you.
You die...

,,,,,,,* *** *,,,,,,,,,,*
,,,,,,,* *.####*,,..,,,,******
,,**,,******#....#*,,.#*o..#*..,*
****,,**,,,,*....##,,.#*...##..,,
*,,,,,,,,,,,....,,,.#,.......,,
*,,,,,,,,,,,,...,,,.+,.......,,
**,,**,,*****#$#**........#
*,....#,,,, *,,*,,.............#
*,.)..#,**, *,,+,,.............#
*,....#,**, *,,*,,.............#
*,....#,,,,


You could see an orc.

Vanquished Creatures
  3 gnolls (D:6)
  An adder (D:5)
  3 orcs (D:6)
7 creatures vanquished.

Notes
Turn   | Place    | Note
-------+----------+-------------------------------------------
     0 | D:5      | EnegeticOcto the Deep Dwarf Delver began the quest for the
                  | Orb.
     0 | D:5      | Reached XP level 1. HP: 20/20 MP: 1/1
    31 | D:5      | Reached skill level 3 in Axes
    31 | D:5      | Reached XP level 2. HP: 22/27 MP: 2/2
   104 | D:6      | Reached skill level 4 in Axes
   104 | D:6      | Reached XP level 3. HP: 21/33 MP: 3/3
   122 | D:6      | Slain by an orc wizard

Illustrated notes

Levels and vault maps discovered:
D:5:      kennysheep_windowed_halls, layout_cave_pods, marbit_many_paths
D:6:      layout_gridville, minmay_temple_entry_stoned_glass, uniq_eustachio,
          uniq_pikel

Skill      XL: |  1  2 |
---------------+-------+-----
Axes           | 3 4 |  4.3
Fighting       | |  2.6
Dodging        | |  2.1
Stealth        | |  6.0

Action                   || total
-------------------------++-------
Melee: Hand axe          ||    47
 Abil: Heal Wounds       ||     5
  Use: Scroll            ||     1
       Potion            ||     1
Armor: Leather armour    ||    17
Dodge: Dodged            ||    54

Table legend: (Time is in decaauts)
 A = Elapsed time spent in this place.
 B = Non-inter-level travel time spent in this place.
 C = Inter-level travel time spent in this place.
 D = Time resting spent in this place.
 E = Time spent auto-exploring this place.
 F = Levels seen in this place.
 G = Mean time per level.
                   A        B        C        D        E       F      G
               +--------+--------+--------+--------+--------+-----+--------+
         Total |    127 |    127 |      0 |      0 |      0 |   2 |   63.5 |
       Dungeon |    127 |    127 |      0 |      0 |      0 |   2 |   63.5 |
               +--------+--------+--------+--------+--------+-----+--------+

Top non-repeatable levels by time:
     D:6: 85 daAuts
     D:5: 42 daAuts
